AoeStats
← Deffgrippa

Marketplace

506725759Analyzed
1v1 RM · 18d ago on Sep 14, 2026· 73m 27s· 2 players
Game mode
Random Map
Map size
Tiny (2 player)
Population
200
Speed
Normal
Resources
Standard
Victory
Conquest
Starting age
Dark Age
Ending age
Imperial Age
RankedLock teamsTeams togetherTeam positionsShared explorationLock speedFull tech treeHidden civsTurbo modeCheats
Victory
Defeat
🇦🇺 Goths · Australia
913
+18
🇷🇴 Slavs · Romania
949
-18
Deffgrippa
1:33 Loom
12:23 Feudal Age
13:17 Man-at-Arms
21:00 Scale Mail Armor
22:10 Double-Bit Axe
24:50 Forging
26:58 Horse Collar
30:08 Castle Age
30:47 Long Swordsman
36:19 Bow Saw
42:42 Chain Mail Armor
43:03 Iron Casting
44:09 Pikeman
50:39 Imperial Age
49:02 Caravan
49:21 Anarchy
52:05 Ballistics
53:11 Halberdier
54:49 Conscription
55:36 Chemistry
56:03 Squires
57:24 Perfusion
60:02 Elite Huskarl
62:43 Wheelbarrow
63:47 Blast Furnace
63:02 Light Cavalry
63:43 Husbandry
Spifky
5:32 Loom
15:33 Feudal Age
15:41 Man-at-Arms
27:55 Castle Age
27:52 Double-Bit Axe
28:45 Wheelbarrow
27:56 Long Swordsman
28:44 Pikeman
29:28 Squires
32:20 Forging
33:14 Scale Mail Armor
37:36 Iron Casting
39:17 Pikeman
45:57 Scale Barding Armor
49:49 Bloodlines
50:03 Chain Barding Armor
50:13 Husbandry
50:00 Horse Collar
50:34 Bow Saw
50:16 Gold Mining
53:52 Detinets
57:06 Imperial Age
56:35 Detinets
59:58 Cavalier
63:05 Blast Furnace
61:42 Two-Handed Swordsman
64:33 Chain Mail Armor
64:56 Plate Barding Armor
64:28 Champion
67:27 Conscription
67:54 Chain Mail Armor
70:12 Druzhina
Connection lost

Rejoining the realm…

Still unreachable

The connection could not be restored.

Session expired

The server has moved on; the page needs a fresh start.